 Dungeon Crawl Stone Soup version 0.31-a0-1119-gf6f8548 (webtiles) character file.

Game seed: 17060148846604988955

174 PidgeyThePirate the Insei (level 5, -5/40 HPs)
             Began as a Demigod Shapeshifter on Dec 4, 2023.
             Killed from afar by Natasha (7 damage)
             ... with a magic dart
             ... on level 2 of the Dungeon.
             The game lasted 00:03:07 (1441 turns).

PidgeyThePirate the Insei (Demigod Shapeshifter)    Turns: 1441, Time: 00:03:08

Health: -5/40      AC:  2    Str: 15    XL:     5   Next: 7%
Magic:  7/7        EV: 12    Int: 12    God:
Gold:   63         SH:  0    Dex: 17    Spells: 4/4 levels left

rFire   . .          .
                       - Unarmed
rCold   . . .        (no shield)
rNeg    . . .        a - +0 animal skin
rPois   .            (helmet currently unavailable)
rElec   .            (cloak currently unavailable)
rCorr   .            (gloves currently unavailable)
SInv    .            (boots currently unavailable)
Will    .....        (no amulet)
Stlth   ++           h - ring of flight
HPRegen 0.26/turn    (no ring)
MPRegen 0.10/turn

%: no passive effects
@: beast-form, flying, slowed, very slow
A: beast (slay +2), high MP 1, forlorn, divine attributes
a: Begin Untransformation


You were on level 2 of the Dungeon.
You were a hulking beast.
You visited 1 branch of the dungeon, and saw 2 of its levels.

You collected 63 gold pieces.

Inventory:

Armour
 a - a +0 animal skin (worn)
Jewellery
 h - a ring of flight (left hand)
Talismans
 c - a beast talisman
 d - a flux talisman
Scrolls
 g - a scroll of identify {unknown}
 i - 2 scrolls of enchant weapon {unknown}
Potions
 e - a potion of haste
 f - a potion of enlightenment {unknown}


   Skills:
 + Level 1.3 Fighting
 + Level 2.2 Dodging
 + Level 0.3 Stealth
 + Level 4.0 Unarmed Combat
 * Level 3.9 Shapeshifting


You had 4 spell levels left.
You didn't know any spells.
Your spell library was empty.

Dungeon Overview and Level Annotations

Branches:
Dungeon (2/15)

Annotations:
D:2 Natasha


Innate Abilities, Weirdness & Mutations

You are a hulking beast.
Your limbs bulge with bestial killing power. (Slay +2)
You have an increased reservoir of magic. (+10% MP)
You shall have no god before yourself.
Your divine heritage dramatically boosts your attributes as you level up.


Message History

Unknown command.
Unknown command.
Unknown command.
Unknown command.
Unknown command.
Unknown command.
Unknown command.
A ball python comes into view.
The ball python hisses angrily.
Natasha hisses angrily.
Natasha casts a spell at you.
You feel yourself slow down.
Found a scroll labelled LOGEMANADGH.
The ball python closely misses you. The ball python barely misses you.
Natasha stares at you and mumbles some strange words.
The magic dart hits you.
You closely miss the ball python. The ball python bites you.
The ball python grabs you. The ball python constricts you. Natasha claws you.
The ball python bites you but does no damage.
The ball python constricts you.
You punch the ball python!
You kill the ball python!
Natasha closely misses you. Natasha casts a spell at you.
The magic dart hits you.
You hit Natasha. Your punch misses Natasha.
Natasha is moderately wounded.
Natasha mumbles some strange words.
You hit Natasha.
Natasha is moderately wounded.
Natasha claws you!
You hit Natasha. You punch Natasha.
Natasha is severely wounded.
Natasha claws you!
* * * LOW HITPOINT WARNING * * *
The cerulean imp hits you from afar with a +2 spear.
* * * LOW HITPOINT WARNING * * *
Natasha casts a spell at you. The magic dart hits you!
You die...
Natasha begins licking her fur clean.

#..##.## .. #..##.# #?# # ..
#..##.#####.# #.###.
######.........(.# #.#.#.#
#...[......####..# ##...>.###
#.####.##### #..# #......... #.#
#.# ####$5######........## ..#
#.# #.$.h!.....##.....>... ..##
#.# .##.h# #...#..#.#..##
.#.###.#####.##..###...#.##.#..#
###.##.. .................รท.#..#
.#.##### #......#.........###..##
.[########.........(.............
................#.........#######
.#########......####.....## .#
##......# #.)...# .# #.......#
#.....#


You could see Natasha and a cerulean imp (summoned).

Vanquished Creatures
  Sigmund (D:2)
  4 endoplasms
  5 hobgoblins
  A quokka (D:1)
  3 ball pythons
  3 bats
  3 frilled lizards (D:1)
  3 kobolds (D:1)
  2 rats
25 creatures vanquished.

Notes
Turn   | Place    | Note
-------+----------+-------------------------------------------
     0 | D:1      | PidgeyThePirate the Demigod Shapeshifter began the quest
                  | for the Orb.
     0 | D:1      | Reached XP level 1. HP: 15/15 MP: 3/3
   258 | D:1      | Reached skill level 3 in Unarmed Combat
   327 | D:1      | Reached XP level 2. HP: 22/22 MP: 4/4
  1071 | D:2      | Identified the +1 hand axe of the Ring {freeze, Str+7}
  1193 | D:2      | Noticed Sigmund
  1215 | D:2      | Killed Sigmund
  1216 | D:2      | Reached skill level 1 in Fighting
  1216 | D:2      | Reached skill level 4 in Unarmed Combat
  1216 | D:2      | Reached XP level 3. HP: 18/28 MP: 5/5
  1216 | D:2      | Reached XP level 4. HP: 22/35 MP: 6/6
  1216 | D:2      | Reached XP level 5. HP: 25/40 MP: 7/7
  1429 | D:2      | Noticed Natasha
  1441 | D:2      | HP: 2/40 [cerulean imp/+2 spear[Natasha] (2)]
  1441 | D:2      | Killed from afar by Natasha

Illustrated notes

Levels and vault maps discovered:
D:1:      reono_arrival_forest_river, layout_basic, basic_ecumenical_altar
D:2:      layout_loops_ring, uniq_natasha, uniq_sigmund

Skill      XL: |  1  2 |
---------------+-------+-----
Unarmed Combat | 3 4 |  4.0
Shapeshifting  | 3 |  3.9
Fighting       | 1 |  1.3
Dodging        | 2 |  2.2
Stealth        | |  0.3

Action                     |  1- 3 |  4- 6 || total
---------------------------+-------+-------++-------
  Melee: Unarmed           |    66 |     5 ||    71
         Punch             |     3 |     1 ||     4
    Use: Potion            |     2 |       ||     2
 Armour: Animal skin       |    36 |     9 ||    45
         Skin              |     5 |       ||     5
  Dodge: Dodged            |    35 |     3 ||    38

Table legend: (Time is in decaauts)
 A = Elapsed time spent in this place.
 B = Non-inter-level travel time spent in this place.
 C = Inter-level travel time spent in this place.
 D = Time resting spent in this place.
 E = Time spent auto-exploring this place.
 F = Levels seen in this place.
 G = Mean time per level.
                   A        B        C        D        E       F      G
               +--------+--------+--------+--------+--------+-----+--------+
         Total |   1422 |   1410 |     12 |      0 |   1143 |   2 |  711.0 |
       Dungeon |   1422 |   1410 |     12 |      0 |   1143 |   2 |  711.0 |
               +--------+--------+--------+--------+--------+-----+--------+

Top non-repeatable levels by time:
     D:1: 1011 daAuts
     D:2: 411 daAuts
